 Dungeon Crawl Stone Soup version 0.30-a0-1112-gfb780f5df6 (webtiles) character file.

Game seed: 15756104893150664829

1725 hwolsky the Cleaver (level 8, 0/109 HPs)
             Began as a Minotaur Fighter on Apr 19, 2023.
             Was an Initiate of Okawaru.
             Slain by an adder (1 damage)
             ... on level 6 of the Dungeon.
             The game lasted 00:15:15 (5089 turns).

hwolsky the Cleaver (Minotaur Fighter)              Turns: 5089, Time: 00:15:16

Health: 0/109      AC: -2    Str: 22    XL:     8   Next: 75%
Magic:  7/7        EV:  8    Int:  5    God:    Okawaru [......]
Gold:   246        SH:  9    Dex:  9    Spells: 7/7 levels left

rFire   . . .      SeeInvis +    a - +1 war axe (heavy)
rCold   + . .      Faith    .    u - +0 kite shield
rNeg    . . .      Spirit   .    b - +0 scale mail
rPois   .          Reflect  .    (helmet restricted)
rElec   .          Rampage  .    d - +0 cloak
rCorr   .                        (no gloves)
Will    .....                    (no boots) Stlth
                                 (no amulet)
HPRegen 1.18/turn                h - ring of see invisible
MPRegen 0.10/turn                e - ring of protection from cold

@: berserking, lethally poisoned (0 -> 0), corroded, very quick
A: horns 2, retaliatory headbutt, clumsy 1, regeneration 1
a: Renounce Religion


You were on level 6 of the Dungeon.
You worshipped Okawaru.
Okawaru was noncommittal.
You visited 2 branches of the dungeon, and saw 7 of its levels.

You collected 246 gold pieces.

Inventory:

Hand Weapons
 a - a +1 heavy war axe (weapon)
Armour
 b - a +0 scale mail (worn)
 d - a +0 cloak (worn)
 u - a +0 kite shield (worn)
Jewellery
 e - a ring of protection from cold (right hand)
 h - a ring of see invisible (left hand)
 p - a ring of positive energy
Wands
 c - a wand of iceblast (9)
Scrolls
 l - 4 scrolls of teleportation
 n - a scroll of butterflies
 s - 2 scrolls of magic mapping
Potions
 f - a potion of attraction
 g - a potion of curing
 i - a potion of ambrosia
 j - 2 potions of lignification
 m - 2 potions of berserk rage
 o - a potion of invisibility {unknown}
 q - 2 potions of flight
 r - 2 potions of degeneration {unknown}
 t - a potion of cancellation {unknown}
 v - a potion of brilliance


   Skills:
 + Level 7.0 Fighting
 * Level 8.8 Axes
 + Level 7.1 Armour
 + Level 7.1 Shields


You had 7 spell levels left.
You didn't know any spells.
Your spell library contained the following spells:

 Spells                   Type           Power      Damage    Failure   Level
 Magic Dart               Conj           0%         1d3       97%         1
 Blink                    Tloc           0%         N/A       99%         2
 Searing Ray              Conj           0%         2d4       99%         2
 Inner Flame              Hex/Fire       0%         N/A       100%        3
 Flame Wave               Conj/Fire      0%         2d4       100%        4
 Fulminant Prism          Conj/Hex       0%         3d5       100%        4
 Manifold Assault         Tloc           0%         N/A       100%        4
 Sticky Flame             Conj/Fire      0%         2d3       100%        4
 Storm Form               Tmut/Air       0%         N/A       100%        7


Dungeon Overview and Level Annotations

Branches:
Dungeon (6/15)             Temple (1/1) D:5

Altars:
Ashenzari
Cheibriados
Dithmenos
Fedhas
Gozag
Hepliaklqana
Kikubaaqudgha
Makhleb
Nemelex Xobeh
Okawaru
Qazlal
Ru
Sif Muna
Uskayaw
Vehumet
Wu Jian
Xom
Yredelemnul
Zin
The Shining One

Shops:
D:1 (

Portals:
Abyss: D:4


Innate Abilities, Weirdness & Mutations

You have a pair of horns on your head.
You reflexively headbutt those who attack you in melee.
You are clumsy. (Dex -2)
Your natural rate of healing is unusually fast.


Message History

The adder bites you.
You are more poisoned.
The adder poisons you! The orc hits you with a +0 mace. The hound bites you.
You slash the hound!
The hound is severely wounded.
You hit the orc but do no damage. You hit the adder but do no damage.
You feel very sick. The adder bites you. The hound bites you.
You block the orc's attack. The adder closely misses you.
You block the hound's attack. You block the orc's attack. The adder bites you.
You barely miss the hound. You headbutt the hound.
The hound is almost dead.
You closely miss the adder. You slash the orc!
You kill the orc!
Okawaru accepts your kill.
You feel very sick. The hound bites you.
* * * LOW HITPOINT WARNING * * *
The hound bites you.
* * * LOW HITPOINT WARNING * * *
The adder bites you.
* * * LOW HITPOINT WARNING * * *
A sleepcap comes into view.
The hound bites you.
* * * LOW HITPOINT WARNING * * *
The adder closely misses you.
A red film seems to cover your vision as you go berserk!
You feel yourself moving faster!
You feel mighty!
You feel sick. The hound barely misses you. The adder barely misses you.
You slice the hound!!
You kill the hound!
Okawaru accepts your kill.
You barely miss the adder.
You feel sick. The adder bites you.
* * * LOW HITPOINT WARNING * * *
The adder closely misses you.
You closely miss the adder.
You feel sick. You block the adder's attack. x2
You closely miss the adder.
* * * LOW HITPOINT WARNING * * *
You feel sick. The adder bites you.
You die...

...... ......
............
......
...........
.....
#..........
###.. .
#..........
..###..........
.......f......)
#.....†)......
#....S@.#
.........#
#####.#### #. #


You could see a sleepcap and an adder.

Vanquished Creatures
  Pikel (D:4)
  The ghost of baller8008 the Chopper, an amateur HOMo (D:4)
  Menkaure (D:4)
  Duvessa (D:4)
  An ice beast (D:5)
  A centaur (D:5)
  A lemure (D:4)
  The ghost of voltaire321 the Digger, an amateur OpEE (D:3)
  A kobold brigand (D:4)
  A gnoll sergeant (D:5)
  Dowan (D:4)
  A crimson imp (D:4)
  2 hounds
  2 jellies
  2 orc priests (D:2)
  Crazy Yiuf (D:3)
  2 iguanas (D:5)
  An orc wizard (D:5)
  4 gnolls (D:5)
  5 adders
  A shadow imp (D:5)
  2 white imps (D:5)
  An ufetubus (D:4)
  A dart slug (D:3)
  8 orcs
  3 ball pythons
  4 bats
  4 endoplasms
  4 giant cockroaches
  7 goblins
  5 hobgoblins
  5 quokkas
  A frilled lizard (D:2)
  8 kobolds
  8 rats
93 creatures vanquished.

Notes
Turn   | Place    | Note
-------+----------+-------------------------------------------
     0 | D:1      | hwolsky the Minotaur Fighter began the quest for the Orb.
     0 | D:1      | Reached XP level 1. HP: 19/19 MP: 0/0
   498 | D:1      | Noticed a +0 demon whip
   503 | D:1      | Found Bygosaav's Weapon Shoppe.
   513 | D:1      | Noticed a +0 demon whip
   685 | D:1      | Reached XP level 2. HP: 27/27 MP: 1/1
   867 | D:2      | Found a hazy altar of Hepliaklqana.
  1130 | D:2      | Reached skill level 3 in Axes
  1371 | D:2      | Reached XP level 3. HP: 25/33 MP: 2/2
  1446 | D:2      | Reached XP level 4. HP: 17/41 MP: 3/3
  2085 | D:3      | Reached skill level 4 in Axes
  2123 | D:3      | Found a runed translucent door.
  2124 | D:3      | Noticed Crazy Yiuf
  2185 | D:3      | Noticed voltaire321's ghost (amateur OpEE)
  2201 | D:3      | Found a transporter.
  2204 | D:3      | Found a transporter.
  2523 | D:3      | Killed Crazy Yiuf
  2524 | D:3      | Reached XP level 5. HP: 32/47 MP: 4/4
  2659 | D:3      | Killed voltaire321's ghost
  2894 | D:4      | Noticed a lemure
  2896 | D:4      | Noticed a lemure
  2897 | D:4      | Noticed Pikel
  2897 | D:4      | Noticed a lemure
  2899 | D:4      | Noticed a lemure
  2902 | D:4      | Killed a lemure
  2905 | D:4      | Killed Pikel
  2906 | D:4      | Reached skill level 5 in Fighting
  2906 | D:4      | Reached skill level 6 in Axes
  2906 | D:4      | Reached skill level 5 in Armour
  2906 | D:4      | Reached skill level 5 in Shields
  2906 | D:4      | Reached XP level 6. HP: 50/57 MP: 5/5
  2906 | D:4      | Reached XP level 7. HP: 54/62 MP: 6/6
  3033 | D:4      | Noticed Menkaure
  3035 | D:4      | Killed Menkaure
  3148 | D:4      | Identified the +8 flail of Defiance {speed, rF++ Int+4
                  | Dex-4}
  3220 | D:4      | Noticed Duvessa
  3221 | D:4      | Noticed Dowan
  3227 | D:4      | Killed Duvessa
  3228 | D:4      | Reached skill level 7 in Axes
  3228 | D:4      | Killed Dowan
  3322 | D:4      | Found a transporter.
  3360 | D:4      | Found a transporter.
  3740 | D:4      | Found a one-way gate to the infinite horrors of the Abyss.
  3740 | D:4      | Noticed baller8008's ghost (amateur HOMo)
  3787 | D:4      | Reached XP level 8. HP: 57/70 MP: 7/7
  3791 | D:4      | Killed baller8008's ghost
  3921 | D:5      | Entered Level 5 of the Dungeon
  3959 | D:5      | Gained mutation: Your mind is acute. (Int +4, Str/Dex -1)
                  | [potion of mutation]
  3959 | D:5      | Gained mutation: You are vulnerable to cold. (rC-) [potion
                  | of mutation]
  3959 | D:5      | Lost mutation: Your mind is acute. (Int +4, Str/Dex -1)
                  | [potion of mutation]
  3960 | D:5      | Lost mutation: You are vulnerable to cold. (rC-) [potion of
                  | mutation]
  3960 | D:5      | Gained mutation: Your body sometimes deteriorates upon
                  | taking damage. [potion of mutation]
  3961 | D:5      | Lost mutation: Your body sometimes deteriorates upon taking
                  | damage. [potion of mutation]
  3961 | D:5      | Gained mutation: You are clumsy. (Dex -2) [potion of
                  | mutation]
  3961 | D:5      | Gained mutation: Your natural rate of healing is unusually
                  | fast. [potion of mutation]
  4103 | D:5      | Reached skill level 8 in Axes
  4259 | D:5      | Found a staircase to the Ecumenical Temple.
  4701 | D:5      | Found a stormy altar of Qazlal.
  4701 | D:5      | Found a sacrificial altar of Ru.
  4846 | Temple   | Entered the Ecumenical Temple
  5016 | Temple   | Became a worshipper of Warmaster Okawaru
  5085 | D:6      | HP: 3/73 [hound (5)]
  5087 | D:6      | HP: 1/109 [adder (3)]
  5089 | D:6      | Slain by an adder

Illustrated notes

Levels and vault maps discovered:
D:1:      spicycebolla_arrival_ecumenical, layout_basic, serial_shops,
          nicolae_shop_mannequins, minmay_door_square, corner_web_ring,
          minmay_rat_gold_closets
D:2:      layout_loops_corners, basic_altar
D:3:      layout_basic, gammafunk_ghost_arena, uniq_crazy_yiuf_cottage
D:4:      layout_loops_corners, gammafunk_ghost_abyssal_escape, uniq_duvessa,
          uniq_menkaure, uniq_pikel
D:5:      layout_loops_ring, gammafunk_temple_overflow_pools, temple_pool_b,
          grunt_decor_junction, kennysheep_minor_cross
D:6:      layout_rooms, gup_sewer_entry_pipe, uniq_prince_ribbit1
Temple:   bh_familiar_temple

Skill      XL: |  1  2  3  4  5  6  7  8 |
---------------+-------------------------+-----
Fighting       | 4 5 6 7 |  7.0
Armour         | 4 5 6 7 |  7.1
Shields        | 4 5 6 7 |  7.1
Axes           | 3 4 6 7 8 |  8.8

Action                     |  1- 3 |  4- 6 |  7- 9 || total
---------------------------+-------+-------+-------++-------
  Melee: War axe           |    53 |    54 |    86 ||   193
         Headbutt          |     5 |     8 |    13 ||    26
    Use: Scroll            |     8 |     6 |     7 ||    21
         Potion            |     3 |     2 |     5 ||    10
 Armour: Scale mail        |    26 |    29 |    43 ||    98
  Dodge: Dodged            |    21 |    38 |    66 ||   125
  Block: Buckler           |    24 |    18 |    33 ||    75
         Kite shield       |       |       |    27 ||    27

Table legend: (Time is in decaauts)
 A = Elapsed time spent in this place.
 B = Non-inter-level travel time spent in this place.
 C = Inter-level travel time spent in this place.
 D = Time resting spent in this place.
 E = Time spent auto-exploring this place.
 F = Levels seen in this place.
 G = Mean time per level.
                   A        B        C        D        E       F      G
               +--------+--------+--------+--------+--------+-----+--------+
         Total |   5212 |   4986 |    226 |    192 |   3612 |   7 |  744.6 |
       Dungeon |   5015 |   4816 |    199 |    192 |   3451 |   6 |  835.8 |
        Temple |    196 |    170 |     26 |      0 |    161 |   1 |  196.0 |
               +--------+--------+--------+--------+--------+-----+--------+

Top non-repeatable levels by time:
     D:4: 1162 daAuts
     D:2: 1030 daAuts
     D:5: 968 daAuts
     D:3: 951 daAuts
     D:1: 865 daAuts
  Temple: 196 daAuts
     D:6: 37 daAuts
